TOP OF THE 1ST |
Portland Sea Dogs batting - Pitching for Trenton Thunder : RHP Casey Allard
|
Pitching: RHP Casey Allard
|
|
Batting: RHB Chad Tillis
|
0-0: Ball 1-0: Hit by Pitch
|
Batting: RHB Jason Mosley
|
0-0: Ball 1-0: SINGLE (Line Drive, 78S, EV 91.3 MPH) Chad Tillis to second Chad Tillis to third
|
Batting: RHB Nick Cook
|
0-0: Called Strike 0-1: Foul Ball, location: 2F 0-2: Ball 1-2: SINGLE (Groundball, 34D, EV 101.3 MPH) Chad Tillis scores Jason Mosley to second Runner from 2nd tries for 3rd, SAFE, throw by RF made to third
|
Batting: LHB Dave Gonzales
|
0-0: Ball 1-0: 3-RUN HOME RUN (Line Drive, 7D, EV 107.5 MPH), Distance : 417 ft
|
Batting: RHB Bill Ledbetter
|
0-0: Ball 1-0: Ball 2-0: Called Strike 2-1: Foul Ball, location: 2F 2-2: Ball 3-2: Foul Ball, location: 2F 3-2: Base on Balls
|
Batting: RHB Bob Lane
|
0-0: Ball 1-0: Foul Ball, location: 2F 1-1: Foul Ball, location: 9LSF 1-2: Fly out, F7 (Line Drive, 7, EV 93.1 MPH)
|
Batting: RHB David Beason
|
0-0: Ball 1-0: Foul Ball, location: 5SF 1-1: Fly out, F2 (Popup, 23F, EV 92.5 MPH)
|
Batting: SHB Cody Bower
|
0-0: Called Strike 0-1: SINGLE (Groundball, 4D, EV 110.0 MPH) Bill Ledbetter to second Runner from 2nd tries for 3rd, SAFE, throw by RF made to third Cody Bower to second
|
Batting: RHB Ivan Alfaro
|
0-0: Swinging Strike 0-1: Swinging Strike 0-2: Strikes out swinging
|
Top of the 1st over - 4 runs, 4 hits, 0 errors, 2 left on base; Portland 4 - Trenton 0 |
BOTTOM OF THE 1ST |
Trenton Thunder batting - Pitching for Portland Sea Dogs : LHP John Harris
|
Pitching: LHP John Harris
|
|
Batting: RHB Jimmy Dillard
|
0-0: Foul Ball, location: 2F 0-1: Swinging Strike 0-2: Fly out, F7 (Flyball, 7D, EV 96.3 MPH)
|
Batting: RHB Mike Ratliff
|
0-0: Foul Ball, location: 7LDF 0-1: Ball 1-1: Called Strike 1-2: Ground out 6-3 (Groundball, 6S, EV 82.5 MPH)
|
Batting: RHB Aaron Lyons
|
0-0: Ball 1-0: Ground out 4-3 (Groundball, 4D, EV 99.4 MPH)
|
Bottom of the 1st over - 0 runs, 0 hits, 0 errors, 0 left on base; Portland 4 - Trenton 0 |
TOP OF THE 2ND |
Portland Sea Dogs batting - Pitching for Trenton Thunder : RHP Casey Allard
|
Batting: RHB Chad Tillis
|
0-0: Ball 1-0: Ground out U3 (Groundball, 34, EV 88.8 MPH)
|
Batting: RHB Jason Mosley
|
0-0: Called Strike 0-1: Ball 1-1: Swinging Strike 1-2: Strikes out swinging
|
Batting: RHB Nick Cook
|
0-0: Swinging Strike 0-1: Called Strike 0-2: Strikes out swinging
|
Top of the 2nd over - 0 runs, 0 hits, 0 errors, 0 left on base; Portland 4 - Trenton 0 |
BOTTOM OF THE 2ND |
Trenton Thunder batting - Pitching for Portland Sea Dogs : LHP John Harris
|
Batting: RHB Travis Posey
|
0-0: Called Strike 0-1: Fly out, F8 (Line Drive, 8RD, EV 89.4 MPH)
|
Batting: LHB Chris Athay
|
0-0: Swinging Strike 0-1: SINGLE (Line Drive, 78S, EV 88.8 MPH)
|
Batting: RHB Paul Spitz
|
0-0: 2-RUN HOME RUN (Flyball, 9D, EV 97.5 MPH), Distance : 381 ft
|
Batting: LHB Tony Carrillo
|
0-0: Ball 1-0: Called Strike 1-1: Ground out 4-3 (Groundball, 34, EV 103.8 MPH)
|
Batting: RHB Stephen Hayman
|
0-0: SINGLE (Groundball, 34D, EV 101.3 MPH)
|
Batting: LHB Melvin Padilla
|
0-0: SINGLE (Line Drive, 8RS, EV 86.9 MPH) Stephen Hayman to second Runner from 2nd tries for 3rd, SAFE, throw by CF made to third
|
Batting: RHB Jimmy Dillard
|
0-0: Foul Ball, location: 3FF 0-1: Ball 1-1: Fly out, F8 (Flyball, 8LM, EV 90.6 MPH)
|
Bottom of the 2nd over - 2 runs, 4 hits, 0 errors, 2 left on base; Portland 4 - Trenton 2 |
TOP OF THE 3RD |
Portland Sea Dogs batting - Pitching for Trenton Thunder : RHP Casey Allard
|
Batting: LHB Dave Gonzales
|
0-0: SINGLE (Groundball, 6D, EV 109.4 MPH)
|
Batting: RHB Bill Ledbetter
|
0-0: Swinging Strike 0-1: Foul Ball, location: 2F 0-2: Foul Ball, location: 25FF 0-2: Ball 1-2: Strikes out swinging
|
Batting: RHB Bob Lane
|
0-0: Ball 1-0: Fly out, F9 (Flyball, 9, EV 104.4 MPH)
|
Batting: RHB David Beason
|
0-0: Ball 1-0: Ball 2-0: Called Strike 2-1: Swinging Strike 2-2: Strikes out swinging
|
Top of the 3rd over - 0 runs, 1 hit, 0 errors, 1 left on base; Portland 4 - Trenton 2 |
BOTTOM OF THE 3RD |
Trenton Thunder batting - Pitching for Portland Sea Dogs : LHP John Harris
|
Batting: RHB Mike Ratliff
|
0-0: Ball 1-0: Called Strike 1-1: DOUBLE (Line Drive, 89M, EV 89.4 MPH)
|
Batting: RHB Aaron Lyons
|
0-0: SINGLE (Line Drive, 78M, EV 89.4 MPH) Mike Ratliff to third Runner from 3rd tries for Home, SAFE, throw by LF to home
|
Batting: RHB Travis Posey
|
0-0: Called Strike Aaron Lyons is caught stealing 2nd base 2-4 0-1: Ground out 6-3 (Groundball, P, EV 88.1 MPH)
|
Batting: LHB Chris Athay
|
0-0: Ball 1-0: Foul Ball, location: 2F 1-1: SINGLE (Groundball, 6MD, EV 98.8 MPH)
|
Batting: RHB Paul Spitz
|
0-0: Called Strike Chris Athay steals 2nd base 0-1: DOUBLE (Line Drive, 9LM, EV 111.3 MPH) Chris Athay scores
|
Batting: LHB Tony Carrillo
|
0-0: Ball 1-0: Ball 2-0: Foul Ball, location: 3FF 2-1: Fly out, F8 (Flyball, 8RXD, EV 87.5 MPH)
|
Bottom of the 3rd over - 2 runs, 4 hits, 0 errors, 1 left on base; Portland 4 - Trenton 4 |
TOP OF THE 4TH |
Portland Sea Dogs batting - Pitching for Trenton Thunder : RHP Casey Allard
|
Batting: SHB Cody Bower
|
0-0: Swinging Strike 0-1: Ball 1-1: Ball 2-1: Foul Ball, location: 2F 2-2: Fly out, F8 (Flyball, 8RM, EV 93.8 MPH)
|
Batting: RHB Ivan Alfaro
|
0-0: Fly out, F4 (Popup, 34S, EV 68.1 MPH)
|
Batting: RHB Chad Tillis
|
0-0: Ball 1-0: Ball 2-0: Ball 3-0: Called Strike 3-1: Swinging Strike 3-2: Fly out, F4 (Popup, 4S, EV 74.4 MPH)
|
Top of the 4th over - 0 runs, 0 hits, 0 errors, 0 left on base; Portland 4 - Trenton 4 |
BOTTOM OF THE 4TH |
Trenton Thunder batting - Pitching for Portland Sea Dogs : LHP John Harris
|
Batting: RHB Stephen Hayman
|
0-0: Foul Ball, location: 9LSF 0-1: Ball 1-1: Called Strike 1-2: Ball 2-2: SINGLE (Line Drive, 78S, EV 90.6 MPH)
|
Batting: LHB Melvin Padilla
|
0-0: SINGLE (Line Drive, 8LS, EV 102.5 MPH) Stephen Hayman to second
|
Batting: RHB Jimmy Dillard
|
0-0: Called Strike 0-1: 3-RUN HOME RUN (Flyball, 9D, EV 100.6 MPH), Distance : 383 ft
|
Batting: RHB Mike Ratliff
|
0-0: Ball 1-0: Foul Ball, location: 23F 1-1: Ball 2-1: Swinging Strike 2-2: Strikes out looking
|
Batting: RHB Aaron Lyons
|
0-0: Ball 1-0: Ball 2-0: Called Strike 2-1: SOLO HOME RUN (Line Drive, 7LD, EV 98.1 MPH), Distance : 379 ft
|
Pitching: RHP David Jones
|
|
Batting: RHB Travis Posey
|
0-0: Ball 1-0: Called Strike 1-1: Ball 2-1: Fly out, F7 (Flyball, 7, EV 100.6 MPH)
|
Batting: LHB Chris Athay
|
0-0: Ball 1-0: Swinging Strike 1-1: Foul Ball, location: 7LMF 1-2: Foul Ball, location: 2F 1-2: Ball 2-2: Foul Ball, location: 7LSF 2-2: Fly out, F6 (Popup, 6MS, EV 79.4 MPH)
|
Bottom of the 4th over - 4 runs, 4 hits, 0 errors, 0 left on base; Portland 4 - Trenton 8 |
TOP OF THE 5TH |
Portland Sea Dogs batting - Pitching for Trenton Thunder : RHP Casey Allard
|
Batting: RHB Jason Mosley
|
0-0: Ball 1-0: Swinging Strike 1-1: Ball 2-1: Swinging Strike 2-2: Foul Ball, location: 5F 2-2: Strikes out looking
|
Batting: RHB Nick Cook
|
0-0: Ball 1-0: Ground out 5-3 (Groundball, 56, EV 107.5 MPH)
|
Batting: LHB Dave Gonzales
|
0-0: Called Strike 0-1: Called Strike 0-2: Strikes out swinging
|
Top of the 5th over - 0 runs, 0 hits, 0 errors, 0 left on base; Portland 4 - Trenton 8 |
BOTTOM OF THE 5TH |
Trenton Thunder batting - Pitching for Portland Sea Dogs : RHP David Jones
|
Batting: RHB Paul Spitz
|
0-0: Ball 1-0: Ball 2-0: Ball 3-0: Called Strike 3-1: Foul Ball, location: 2F 3-2: Ground out U3 (Groundball, 34, EV 105.0 MPH)
|
Batting: LHB Tony Carrillo
|
0-0: Ball 1-0: Foul Ball, location: 3F 1-1: Swinging Strike 1-2: Foul Ball, location: 3FF 1-2: Strikes out swinging
|
Batting: RHB Stephen Hayman
|
0-0: Foul Ball, location: 2F 0-1: Ball 1-1: Foul Ball, location: 25FF 1-2: Ground out 5-3 (Groundball, 56, EV 68.1 MPH)
|
Bottom of the 5th over - 0 runs, 0 hits, 0 errors, 0 left on base; Portland 4 - Trenton 8 |
TOP OF THE 6TH |
Portland Sea Dogs batting - Pitching for Trenton Thunder : RHP Casey Allard
|
Batting: RHB Bill Ledbetter
|
0-0: Called Strike 0-1: Called Strike 0-2: Ball 1-2: Strikes out swinging
|
Batting: RHB Bob Lane
|
0-0: Called Strike 0-1: Ball 1-1: Foul Ball, location: 25F 1-2: Ball 2-2: Ball 3-2: Base on Balls
|
Batting: RHB David Beason
|
0-0: 2-RUN HOME RUN (Flyball, 7D, EV 99.4 MPH), Distance : 405 ft
|
Pitching: RHP Steve Luker
|
|
Batting: SHB Cody Bower
|
0-0: Foul Ball, location: 2LF 0-1: Ground out 6-3 (Groundball, 6, EV 98.1 MPH)
|
Batting: RHB Ivan Alfaro
|
0-0: Ball 1-0: SINGLE (Groundball, 34D, EV 104.4 MPH)
|
Batting: RHB Chad Tillis
|
0-0: Swinging Strike 0-1: Fly out, F7 (Flyball, 7S, EV 88.8 MPH)
|
Top of the 6th over - 2 runs, 2 hits, 0 errors, 1 left on base; Portland 6 - Trenton 8 |
BOTTOM OF THE 6TH |
Trenton Thunder batting - Pitching for Portland Sea Dogs : RHP David Jones
|
Batting: LHB Melvin Padilla
|
0-0: Called Strike 0-1: Foul Ball, location: 5F, Error on foul ball, E5 0-2: Fly out, F8 (Flyball, 78D, EV 84.4 MPH)
|
Batting: RHB Jimmy Dillard
|
0-0: Swinging Strike 0-1: Ball 1-1: Fly out, F8 (Flyball, 8LS, EV 91.3 MPH)
|
Batting: RHB Mike Ratliff
|
0-0: Ball 1-0: Called Strike 1-1: Ball 2-1: Ball 3-1: Called Strike 3-2: Base on Balls
|
Batting: RHB Aaron Lyons
|
0-0: Ball Mike Ratliff steals 2nd base 1-0: Foul Ball, location: 2RF 1-1: Called Strike 1-2: Ball 2-2: Foul Ball, location: 2F 2-2: Ball 3-2: Base on Balls
|
Batting: RHB Travis Posey
|
0-0: Ball 1-0: Ball 2-0: Fly out, F7 (Flyball, 7D, EV 105.0 MPH)
|
Bottom of the 6th over - 0 runs, 0 hits, 1 error, 2 left on base; Portland 6 - Trenton 8 |
TOP OF THE 7TH |
Portland Sea Dogs batting - Pitching for Trenton Thunder : RHP Steve Luker
|
Batting: RHB Jason Mosley
|
0-0: Ball 1-0: Called Strike 1-1: Ball 2-1: Ball 3-1: Base on Balls
|
Batting: RHB Nick Cook
|
0-0: Called Strike Jason Mosley steals 2nd base 0-1: Swinging Strike 0-2: Hit by Pitch
|
Batting: LHB Dave Gonzales
|
0-0: Fielders Choice at 2nd, U6 (Groundball, 4M, EV 75.6 MPH) Jason Mosley to third
|
Batting: RHB Bill Ledbetter
|
0-0: Fly out, F9 (Line Drive, 9S, EV 103.8 MPH)
|
Batting: RHB Bob Lane
|
0-0: Ball 1-0: Foul Ball, location: 3F 1-1: Fielders Choice at 2nd, 5-4 (Groundball, 56, EV 77.5 MPH)
|
Top of the 7th over - 0 runs, 0 hits, 0 errors, 2 left on base; Portland 6 - Trenton 8 |
BOTTOM OF THE 7TH |
Trenton Thunder batting - Pitching for Portland Sea Dogs : RHP David Jones
|
Batting: LHB Chris Athay
|
0-0: SINGLE (Line Drive, 6D, EV 103.1 MPH)
|
Batting: RHB Paul Spitz
|
0-0: Ball 1-0: Ball 2-0: Ball 3-0: Called Strike 3-1: Called Strike 3-2: Foul Ball, location: 9LMF 3-2: Base on Balls Chris Athay to second
|
Batting: LHB Tony Carrillo
|
0-0: Foul Ball, location: 2F 0-1: Ball 1-1: Ball 2-1: Foul Ball, location: 5DF 2-2: SINGLE (Groundball, 4D, EV 106.9 MPH) Chris Athay to third Paul Spitz to second
|
Pitching: RHP Alex Hall
|
|
Batting: RHB Stephen Hayman
|
0-0: Ball 1-0: Fly out, F9 (Flyball, 9D, EV 108.8 MPH) Runner from 3rd tags up, SCORES, no throw by RF Paul Spitz to third
|
Batting: LHB Melvin Padilla
|
0-0: Called Strike 0-1: Called Strike 0-2: SINGLE (Line Drive, 8LS, EV 108.8 MPH) Paul Spitz scores Tony Carrillo to second
|
Batting: RHB Jimmy Dillard
|
0-0: Called Strike 0-1: Foul Ball, location: 9LDF 0-2: Ball 1-2: Ball 2-2: Ground out 5-3 (Groundball, 56S, EV 71.9 MPH) Tony Carrillo to third Melvin Padilla to second
|
Batting: RHB Mike Ratliff
|
0-0: Called Strike 0-1: Ball 1-1: Fly out, F5 (Popup, 56, EV 64.4 MPH)
|
Bottom of the 7th over - 2 runs, 3 hits, 0 errors, 2 left on base; Portland 6 - Trenton 10 |
TOP OF THE 8TH |
Portland Sea Dogs batting - Pitching for Trenton Thunder : RHP Steve Luker
|
Batting: RHB David Beason
|
0-0: Called Strike 0-1: Called Strike 0-2: Ball 1-2: Foul Ball, location: 2F 1-2: Foul Ball, location: 5F 1-2: Ball 2-2: Strikes out looking
|
Batting: SHB Cody Bower
|
0-0: Ball 1-0: Ball 2-0: Ground out 6-3 (Groundball, 6, EV 108.8 MPH)
|
Batting: RHB Ivan Alfaro
|
0-0: Ball 1-0: Ball 2-0: Called Strike 2-1: Foul Ball, location: 5F 2-2: Ball 3-2: Foul Ball, location: 9LDF 3-2: Base on Balls
|
Batting: RHB Chad Tillis
|
0-0: Ball 1-0: Called Strike 1-1: Fly out, F3 (Popup, 34S, EV 71.3 MPH)
|
Top of the 8th over - 0 runs, 0 hits, 0 errors, 1 left on base; Portland 6 - Trenton 10 |
BOTTOM OF THE 8TH |
Trenton Thunder batting - Pitching for Portland Sea Dogs : RHP Alex Hall
|
Batting: RHB Aaron Lyons
|
0-0: Fly out, F6 (Popup, 6D, EV 66.3 MPH)
|
Batting: RHB Travis Posey
|
0-0: Ball 1-0: Ground out 5-3 (Groundball, 56S, EV 65.0 MPH)
|
Batting: LHB Chris Athay
|
0-0: Called Strike 0-1: Ball 1-1: Ball 2-1: Ball 3-1: Fly out, F8 (Line Drive, 8RS, EV 99.4 MPH)
|
Bottom of the 8th over - 0 runs, 0 hits, 0 errors, 0 left on base; Portland 6 - Trenton 10 |
TOP OF THE 9TH |
Portland Sea Dogs batting - Pitching for Trenton Thunder : RHP Steve Luker
|
Batting: RHB Jason Mosley
|
0-0: Called Strike 0-1: Ball 1-1: Swinging Strike 1-2: Ball 2-2: Ball 3-2: Reached on error, E5 (Groundball, 56S, EV 79.4 MPH)
|
Batting: RHB Nick Cook
|
0-0: Ball 1-0: Ball 2-0: Ball 3-0: Base on Balls Jason Mosley to second
|
Batting: LHB Dave Gonzales
|
0-0: Called Strike 0-1: Foul Ball, location: 9LSF 0-2: Ball 1-2: Ball 2-2: Strikes out swinging
|
Pinch Hitting: LHB Nick Soltis
|
0-0: Ball 1-0: Grounds into double play, 3-6-1 (Groundball, 34S, EV 91.9 MPH)
|
Top of the 9th over - 0 runs, 0 hits, 1 error, 1 left on base; Portland 6 - Trenton 10 |
|